 Dungeon Crawl Stone Soup version 0.22-a0-392-g5dc3fd9 (webtiles) character file.

15 Firecrotchwizard the Caller (level 2, 0/19 HPs)
             Began as a Merfolk Summoner on May 1, 2018.
             Slain by a hobgoblin
             ... wielding a +0 club
              (1 damage)
             ... on level 1 of the Dungeon.
             The game lasted 00:02:39 (569 turns).

Firecrotchwizard the Caller (Merfolk Summoner)       Turns: 569, Time: 00:02:40

Health: 0/19       AC:  2    Str:  8    XL:     2   Next: 50%
Magic:  5/5        EV: 13    Int: 14    God:
Gold:   17         SH:  0    Dex: 14    Spells: 4/5 levels left

rFire    . . .     SeeInvis .   d - +0 short sword
rCold    . . .     Gourm    .   (no shield)
rNeg     . . .     Faith    .   a - +0 robe
rPois    .         Spirit   .   (no helmet)
rElec    .         Reflect  .   (no cloak)
rCorr    .         Harm     .   (no gloves)
MR       .....                  (no boots)
Stlth    ++........             (no amulet)
HPRegen  0.06/turn              (no ring)
MPRegen  0.09/turn              (no ring)

@: no status effects
A: change form in water, swift swim, stealthy swim
a: no special abilities


You were on level 1 of the Dungeon.
You were not hungry.

You visited 1 branch of the dungeon, and saw 1 of its levels.

You collected 17 gold pieces.

Inventory:

Hand Weapons
 d - a +0 short sword (weapon)
   (You found it on level 1 of the Dungeon)
Missiles
 e - 65 stones (quivered)
Armour
 a - a +0 robe (worn)
Scrolls
 h - a scroll of enchant weapon {unknown}
Potions
 b - a potion of haste {unknown}
 g - a potion of agility {unknown}
Comestibles
 c - 2 rations {@e1}


   Skills:
 - Level 2.6 Dodging
 - Level 2.1 Stealth
 + Level 2.3 Spellcasting
 * Level 4.4 Summonings


You had 4 spell levels left.
You knew the following spells:

 Your Spells              Type           Power        Failure   Level  Hunger
a - Summon Small Mammal   Summ           ##..         3%          1    #......


Dungeon Overview and Level Annotations

Branches:
Dungeon (1/15)

Altars:


Message History

You hit the jackal. Your bat hits the jackal. Your bat misses the jackal.
The jackal bites you. Something bites your bat.
Your bat barely misses the jackal.
The jackal closely misses you. Something bites your bat.
Your bat dies!
Your bat's corpse disappears in a puff of smoke!
You take 1 damage, and have 6/13 hp.
You barely miss the jackal. The jackal bites you.
You take 1 damage, and have 5/13 hp.
You hit the jackal.
You kill the jackal!
You have reached level 2!
The jackal bites you but does no damage.
You regained 3 hp, and now have 8/19 hp.
You hit the jackal. The jackal closely misses you. x2
You hit the jackal but do no damage. The jackal barely misses you.
You miss the jackal. The jackal misses you. The jackal closely misses you.
You closely miss the jackal. The jackal completely misses you.
You hit the jackal but do no damage. The jackal barely misses you.
The jackal misses you.
You hit the jackal.
You kill the jackal!
The jackal bites you.
You take 1 damage, and have 7/19 hp.
You barely miss the jackal. The jackal barely misses you.
Your magical contamination has completely faded away.
You barely miss the jackal. The jackal closely misses you.
The jackal bites you but does no damage.
You barely miss the jackal. The jackal bites you.
You take 1 damage, and have 6/19 hp.
You hit the jackal. The jackal closely misses you. x2
You hit the jackal.
You kill the jackal!
You see here a jackal corpse.
You butcher the jackal corpse.
f - 5 chunks of flesh {@w0} (gained 2)
You see here a jackal skeleton.
You start resting.
Some of the chunks of flesh in your inventory have rotted away. x3
Health restored: 19; MP restored: 5 A hobgoblin comes into view.
It is wielding a club.
A hobgoblin is nearby!
The hobgoblin shouts!
You now have 4/5 mp.
Your quokka bites the hobgoblin.
You hit the hobgoblin. The hobgoblin hits you with a club.
Your quokka bites the hobgoblin.
The hobgoblin dies!
You take 4 damage, and have 15/19 hp.
MASSIVE DAMAGE!!
You now have 17 gold pieces.
You see here a club.
There isn't anything to butcher here.
You start resting.
A leopard gecko comes into view.
MP restored: 5 A leopard gecko is nearby!
A leopard gecko is nearby!
All of the chunks of flesh in your inventory have rotted away.
Found a stone staircase leading down.
The leopard gecko closely misses you.
You closely miss the leopard gecko. The leopard gecko barely misses you.
You hit the leopard gecko. The leopard gecko closely misses you.
Your quokka barely misses the leopard gecko.
You hit the leopard gecko. The leopard gecko bites you.
Your quokka barely misses the leopard gecko.
The leopard gecko bites you.
You take 7 damage, and have 9/19 hp.
MASSIVE DAMAGE!!
Unknown command.
Your quokka bites the leopard gecko.
The leopard gecko dies!
Unknown command.
You start resting.
A kobold comes into view. It is wielding a short sword.
A kobold is nearby!
A hobgoblin comes into view. It is wielding a club.
A giant cockroach comes into view.
The hobgoblin shouts!
The kobold misses you.
You hit the kobold. The kobold misses you.
Your quokka closely misses the kobold.
The kobold hits you with a short sword.
You take 4 damage, and have 6/19 hp.
MASSIVE DAMAGE!!
You hit the giant cockroach.
Your quokka bites the kobold.
The kobold dies!
The giant cockroach bites you.
* * * LOW HITPOINT WARNING * * *
You take 2 damage, and have 4/19 hp.
You hit the giant cockroach.
You kill the giant cockroach!
You closely miss the hobgoblin.
Your quokka barely misses the hobgoblin.
The hobgoblin hits you with a club.
* * * LOW HITPOINT WARNING * * *
You take 3 damage, and have 1/19 hp.
You closely miss the hobgoblin.
Your quokka barely misses the hobgoblin.
The hobgoblin hits you with a club.
You die...

#.......# #.......# .
#.......#.# #...........
#..........# #
#.....#.#.... .#
#..g..>..... ..##........
#.@r.#.#.... ..##.........
##.......... ..##......##.
#.......... ...#......##.#
#.......#.
...#......##.####......#
...#......#............#
...#......#............#
..........#............#
.......#รท##......)..#.....


You could see a hobgoblin and a friendly quokka.

Vanquished Creatures
  A bat (D:1)
  A giant cockroach (D:1)
  3 jackals (D:1)
  2 goblins (D:1)
  A rat (D:1)
8 creatures vanquished.

Vanquished Creatures (collateral kills)
  A leopard gecko (D:1)
  2 hobgoblins (D:1)
  A kobold (D:1)
  A rat (D:1)
5 creatures vanquished.

Grand Total: 13 creatures vanquished

Notes
Turn   | Place    | Note
-------+----------+-------------------------------------------
     0 | D:1      | Firecrotchwizard the Merfolk Summoner began the quest for the Orb.
     0 | D:1      | Reached XP level 1. HP: 13/13 MP: 3/3
   313 | D:1      | Reached XP level 2. HP: 8/19 MP: 3/5
   566 | D:1      | HP: 4/19 [giant cockroach (2)]
   568 | D:1      | HP: 1/19 [hobgoblin/club (3)]
   569 | D:1      | Slain by a hobgoblin

Vault maps used:
D:1:      sevenhm_arrival_forest_fort_small_6, st_stairs_14

Action                   || total
-------------------------++-------
Melee: Short sword       ||    29
       Unarmed           ||     5
Throw: Stone             ||     5
 Cast: Summon Small Mamm ||     8
Armor: Robe              ||     6
Dodge: Dodged            ||    29

Table legend:
 A = Spawn XP
 B = Non-spawn XP
 C = Spawn XP percentage of total XP
 D = Spawn monster count
 E = Non-spawn monster count
 F = Spawn count percentage of total count
 G = Total turns spent on level
                    A         B        C        D         E        F      G
               +---------+---------+-------+---------+---------+-------+---------
         Total |       0 |      22 |   0.0 |       0 |      13 |   0.0 |   569
               +---------+---------+-------+---------+---------+-------+---------
           D:1 |       0 |      22 |   0.0 |       0 |      13 |   0.0 |   569
               +---------+---------+-------+---------+---------+-------+---------

Vault maps used:
D:1:      sevenhm_arrival_forest_fort_small_6, st_stairs_14

Table legend:
 A = Turns spent in this place as a percentage of turns spent in the entire game.
 B = Non-inter-level travel turns spent in this place as a percentage of non-inter-level travel turns spent in the entire game.
 C = Inter-level travel turns spent in this place as a percentage of turns spent in this place.
 D = Turns resting spent in this place as a percentage of non-inter-level travel turns spent in this place.
 E = Turns spent auto-exploring this place as a percentage of non-inter-level travel turns spent in this place.
 F = Non-inter-level travel turns spent in this place divided by the number of levels of this place that you've seen.
                   A       B       C       D       E      F
               +-------+-------+-------+-------+-------+----------------------
         Total | 100.0 | 100.0 |   0.0 |  54.3 |   9.5 | 569.0
       Dungeon | 100.0 | 100.0 |   0.0 |  54.3 |   9.5 | 569.0
               +-------+-------+-------+-------+-------+----------------------

Table legend:
 A = Kills in this place as a percentage of kills in entire the game.
 B = Kills by you in this place as a percentage of kills by you in the entire game.
 C = Kills by friends in this place as a percentage of kills by friends in the entire game.
 D = Other kills in this place as a percentage of other kills in the entire game.
 E = Experience gained in this place as a percentage of experience gained in the entire game.
 F = Experience gained in this place divided by the number of levels of this place that you have seen.
                   A       B       C       D       E      F
               +-------+-------+-------+-------+-------+----------------------
         Total | 100.0 | 100.0 | 100.0 |   N/A | 100.0 |  22.0
       Dungeon | 100.0 | 100.0 | 100.0 |   N/A | 100.0 |  22.0
               +-------+-------+-------+-------+-------+----------------------
